[Event "Titled Tuesday Blitz April 12 Early 2022"]
[White "Marcziter, Dmitrii"]
[Black "Yang, Kaiqi"]
[WhiteFideId "13900765"]
[BlackFideId "8604398"]
[WhiteElo "2155"]
[BlackElo "2373"]
[Result "1-0"]
[Round "06"]
[TimeControl "180+1"]
[Date "2022.04.13"]
[WhiteClock "0:00:17"]
[BlackClock "0:00:06"]

1. d4 e6 2. c4 f5 3. g3 Nf6 4. Bg2 d5 5. Nh3 c6 6. O-O Bd6 7. Bf4 Be7 8. Nd2 O-O 9. Nf3 Ne4 10. Bxb8 Rxb8 11. Nf4 Bd6 12. Nd3 Bd7 13. Rc1 Be8 14. Nfe5 Bh5 15. Nf4 Bf7 16. e3 Bxe5 17. dxe5 Qb6 18. Qe2 Rfd8 19. Rfd1 Rbc8 20. f3 Nc5 21. h4 a5 22. b3 a4 23. Rb1 axb3 24. axb3 Qb4 25. Nd3 Nxd3 26. Qxd3 Ra8 27. Ra1 Bh5 28. cxd5 cxd5 29. Kf2 h6 30. Bh3 Rdc8 31. Rxa8 Rxa8 32. Rd2 Ra3 33. Rb2 Ra1 34. Qd2 Qxd2+ 35. Rxd2 Rb1 36. Rd3 Rb2+ 37. Kg1 b5 38. g4 fxg4 39. Bxg4 Bxg4 40. fxg4 b4 41. h5 Kf7 42. Kf1 g6 43. hxg6+ Kxg6 44. Ke1 Kg5 45. Rd4 Rxb3 46. Kd2 Rb1 47. Kc2 Rg1 48. Rxb4 Rxg4 49. Rb6 Kf5 50. Kd3 Kxe5 51. Rb8 h5 52. Rh8 h4 53. Rh5+ Kd6 54. Ke2 e5 55. Kf3 Re4 56. Rh8 Ra4 57. Rd8+ Kc5 58. Re8 Re4 59. Rc8+ Kb4 60. Rc6 Kb3 61. Rc5 h3 62. Rxd5 Rh4 63. Kg3 h2 64. Kxh4 h1=Q+ 65. Kg5 Qxd5 66. Kf5 Kc3 67. e4 Kd3 68. exd5 e4 69. d6 e3 70. d7 e2 71. d8=Q+ Ke3 72. Qe7+ Kf2 73. Qc5+ Kf3 74. Qd5+ Kf2 75. Qd4+ Kf3 76. Qe4+ Kf2 77. Qf4+ Kg2 78. Qe3 Kf1 79. Qf3+ Ke1 80. Ke4 Kd2 81. Qd3+ Ke1 82. Kf3 Kf1 83. Qxe2+ Kg1 84. Qg2# 1-0


[Site "https://www.chess.com"]

[Event "Titled Tuesday Blitz April 12 Early 2022"]
[White "Martic, Ivan"]
[Black "Xu, Yi"]
[WhiteFideId "929301"]
[BlackFideId "8605564"]
[WhiteElo "2317"]
[BlackElo "2471"]
[Result "0-1"]
[Round "06"]
[TimeControl "180+1"]
[Date "2022.04.13"]
[WhiteClock "0:00:04"]
[BlackClock "0:00:05"]

1. d4 Nf6 2. Nf3 d5 3. c4 e6 4. Nc3 Bb4 5. Qa4+ Nc6 6. cxd5 exd5 7. Bg5 h6 8. Bxf6 Qxf6 9. e3 O-O 10. Be2 Be6 11. a3 Be7 12. O-O a6 13. b4 Rfd8 14. Rfc1 Bf8 15. Qd1 Qg6 16. Na4 Bc8 17. Nc5 Ne7 18. Ne5 Qf6 19. Bh5 g6 20. Bg4 Nf5 21. Qf3 h5 22. Bh3 Bg7 23. a4 Nd6 24. Qxf6 Bxf6 25. Bxc8 Raxc8 26. Ned3 c6 27. Rab1 Rc7 28. Nb2 Ra8 29. a5 Re7 30. Re1 h4 31. h3 Bg7 32. Kf1 f5 33. Ncd3 Rae8 34. Rbc1 Bf6 35. Ke2 Bxd4 36. Kd1 Bf6 37. Kc2 Kf7 38. Kb3 g5 39. Red1 Ne4 40. Rc2 Rd8 41. Na4 d4 42. Ndc5 Rc7 43. exd4 Rxd4 44. Rxd4 Bxd4 45. f3 Nxc5+ 46. bxc5 Re7 47. Kc4 Bf6 48. Rd2 Be5 49. Nb6 Bc7 50. Rd3 Bxb6 51. cxb6 Ke6 52. Kc5 Rd7 53. Re3+ Kf7 54. Re5 Kf6 55. Re8 Rd5+ 56. Kc4 Rxa5 57. Rb8 Ke6 58. Rxb7 Rb5 59. Rg7 Rxb6 60. Rxg5 Rb2 61. Rg6+ Ke5 62. Kc5 Kf4 63. Kxc6 a5 64. Kc5 a4 65. Ra6 Ra2 66. Kd5 a3 67. Ke6 Kg3 68. Kxf5 Kxg2 69. Kg4 Rb2 70. Rxa3 Rb4+ 71. f4 Rc4 72. Ra2+ Kg1 73. Ra3 Kf2 74. Rf3+ Ke2 75. Ra3 Rd4 76. Ra6 Ke3 77. Re6+ Kd3 78. Rf6 Ke4 79. Re6+ Kd5 80. Re5+ Kd6 81. Kg5 Ra4 82. Re1 Kd7 83. Rf1 Ke7 84. Kxh4 Kf6 85. Kg4 Kg6 86. h4 Ra2 87. h5+ Kh6 88. Rf3 Rg2+ 89. Kh3 Rg8 90. Kh4 Rg1 91. Ra3 Rh1+ 92. Kg4 Rg1+ 93. Kf5 Rg2 94. Ra8 Kh7 95. Ra7+ Kh6 96. Ra8 Kh7 97. Kf6 Rg4 98. f5 Rg1 99. Ra7+ Kh6 100. Kf7 Rg7+ 101. Ke6 Rxa7 102. f6 Ra6+ 103. Ke7 Ra7+ 104. Ke6 Kh7 105. f7 Kg7 106. h6+ Kf8 107. h7 Ra6+ 108. Ke5 Rh6 109. Kf5 Rxh7 110. Kg6 Rxf7 0-1


[Site "https://www.chess.com"]

[Event "Titled Tuesday Blitz April 12 Early 2022"]
[White "Martinez Alcantara, Jose Eduardo"]
[Black "Molina, Roberto Junio Brito"]
[WhiteFideId "3805662"]
[BlackFideId "2109450"]
[WhiteElo "2690"]
[BlackElo "2432"]
[Result "1-0"]
[Round "06"]
[TimeControl "180+1"]
[Date "2022.04.12"]
[WhiteClock "0:00:18"]
[BlackClock "0:00:04"]

1. e4 c6 2. d4 d5 3. e5 Bf5 4. h4 Qb6 5. Nc3 h6 6. h5 e6 7. Nf3 Nd7 8. Bd3 Ne7 9. O-O Bg4 10. Be2 Bxh5 11. Ne1 Bxe2 12. Nxe2 c5 13. c3 Nc6 14. Nf3 Be7 15. Nf4 g5 16. Ne2 g4 17. Ne1 cxd4 18. cxd4 O-O-O 19. a3 Kb8 20. b4 h5 21. Qd3 h4 22. Be3 h3 23. g3 Rc8 24. Kh2 Bf8 25. f3 gxf3 26. Nxf3 Ne7 27. Rac1 Rxc1 28. Rxc1 Nf5 29. Bg5 Be7 30. g4 Bxg5 31. Nxg5 Nh6 32. Rg1 Qd8 33. Nf3 Qe7 34. Nf4 a6 35. Rg3 Nb6 36. Nxh3 Nc4 37. Kg2 Rg8 38. Nf2 Rg7 39. Nd2 Nxd2 40. Qxd2 Ng8 41. Qf4 Ka7 42. Rf3 Qc7 43. Qd2 Ne7 44. Qc3 Qd7 45. Rh3 Ng6 46. Rd3 Qb5 47. Kg3 Rh7 48. Qc5+ Qxc5 49. bxc5 b6 50. Rc3 bxc5 51. Rxc5 Kb6 52. Nh3 Rg7 53. Rc3 Ne7 54. Kf3 Nc6 55. Rd3 Kb5 56. Nf2 Kc4 57. Ke3 Rh7 58. Rd1 Rh2 59. Rc1+ Kb5 60. Rd1 Na5 61. Kf3 Nc4 62. Kg3 Rh8 63. Rb1+ Kc6 64. a4 Nd2 65. Rc1+ Nc4 66. Nh3 Rb8 67. Ng5 Rb3+ 68. Kh4 Rb7 69. Rf1 Nb2 70. Nxf7 Rd7 71. Ng5 Re7 72. Rf6 Kd7 73. a5 Nc4 74. Rf8 Nxa5 75. Ra8 Nc6 76. Nf3 a5 77. g5 Rf7 78. Kg4 Kc7 79. Rg8 Kb6 80. g6 Ra7 81. g7 Rb7 82. Kg5 a4 83. Kf6 a3 84. Ra8 Rxg7 85. Kxg7 Na5 86. Rb8+ Nb7 87. Rc8 a2 88. Rc1 Na5 89. Ra1 1-0


[Site "https://www.chess.com"]

[Event "Titled Tuesday Blitz April 12 Early 2022"]
[White "Mickiewicz, Piotr"]
[Black "Zanette, Edgard Vinicius"]
[WhiteFideId "1114891"]
[BlackFideId "2109263"]
[WhiteElo "2266"]
[BlackElo "2182"]
[Result "1-0"]
[Round "06"]
[TimeControl "180+1"]
[Date "2022.04.13"]
[WhiteClock "0:00:19"]
[BlackClock "0:00:22"]

1. e4 c5 2. Nf3 d6 3. d4 cxd4 4. Qxd4 Bd7 5. c4 Nc6 6. Qd2 g6 7. Nc3 Bg7 8. b3 Nf6 9. Bb2 O-O 10. h3 a6 11. Bd3 Nb4 12. O-O Nxd3 13. Qxd3 Qa5 14. Rfe1 b5 15. Nd2 Rfd8 16. a3 b4 17. axb4 Qxb4 18. Nd5 Nxd5 19. Bxg7 Nf4 20. Qc3 Qxc3 21. Bxc3 Rdb8 22. Ra5 f6 23. Kf1 Bc8 24. Rea1 Ra7 25. h4 Rc7 26. g3 Bh3+ 27. Ke1 Nd3+ 28. Ke2 Nc5 29. R1a3 Bc8 30. Ke3 e5 31. f3 Kf7 32. b4 Ne6 33. Rb3 f5 34. exf5 gxf5 35. f4 exf4+ 36. gxf4 Nf8 37. b5 axb5 38. cxb5 Be6 39. Rba3 Rbc8 40. Bd4 Bd5 41. b6 Rc5 42. Bxc5 dxc5 43. b7 Bxb7 44. Ra7 Re8+ 45. Kf2 Re7 46. Re3 Rd7 47. Nc4 Ng6 48. Rxb7 1-0


[Site "https://www.chess.com"]

[Event "Titled Tuesday Blitz April 12 Early 2022"]
[White "Migot, Tangi"]
[Black "Zemlyanskii, Ivan"]
[WhiteFideId "662445"]
[BlackFideId "24249971"]
[WhiteElo "2529"]
[BlackElo "1759"]
[Result "0-1"]
[Round "06"]
[TimeControl "180+1"]
[Date "2022.04.13"]
[WhiteClock "0:00:10"]
[BlackClock "0:00:32"]

1. Nf3 Nf6 2. g3 d5 3. Bg2 c5 4. O-O e6 5. c4 d4 6. e3 Nc6 7. exd4 cxd4 8. d3 h6 9. Re1 Be7 10. a3 a5 11. Nbd2 O-O 12. Qc2 Nd7 13. Rb1 e5 14. c5 Qc7 15. b4 axb4 16. axb4 b5 17. cxb6 Qxb6 18. Nc4 Qb5 19. Bd2 Bb7 20. Nfxe5 Ncxe5 21. Bxb7 Qxb7 22. Nxe5 Rac8 23. Qd1 Nxe5 24. Rxe5 Bf6 25. Re4 Qb5 26. Be1 Rc7 27. h4 Rfc8 28. Kh2 Rc2 29. Re2 R2c6 30. Ra2 Re6 31. Ra5 Qb7 32. b5 Rce8 33. Bd2 Re2 34. Be1 Rxe1 35. Qxe1 Rxe1 36. Rxe1 Qb6 37. Ra8+ Kh7 38. Rb1 Qb7 39. Ra2 Bd8 40. b6 Bxb6 41. Rab2 Qf3 42. Rxb6 Qxf2+ 43. Kh3 Qf5+ 44. Kg2 Qxd3 45. R6b2 Qe4+ 46. Kh2 f5 47. Rd1 f4 48. Rbd2 f3 49. Rf1 d3 50. Rdf2 Qe2 51. Kg1 d2 52. Rxf3 d1=Q 0-1


[Site "https://www.chess.com"]

[Event "Titled Tuesday Blitz April 12 Early 2022"]
[White "Mikhailov, Viacheslav"]
[Black "Gharibyan, Mamikon"]
[WhiteFideId "4187369"]
[BlackFideId "13308300"]
[WhiteElo "2381"]
[BlackElo "2254"]
[Result "1-0"]
[Round "06"]
[TimeControl "180+1"]
[Date "2022.04.12"]
[WhiteClock "0:00:09"]
[BlackClock "0:00:03"]

1. Nf3 d5 2. g3 g6 3. Bg2 Bg7 4. c4 dxc4 5. Na3 Nc6 6. Nxc4 e5 7. O-O Nge7 8. d3 O-O 9. Be3 Nf5 10. Bc5 Re8 11. Nfd2 Ncd4 12. Ba3 Nb5 13. Bc5 Nfd4 14. a4 Nd6 15. Nxd6 cxd6 16. Bxd4 exd4 17. Re1 Be6 18. a5 Rb8 19. Qa4 Bg4 20. Bf3 Bf5 21. Rec1 h5 22. Rc2 h4 23. a6 bxa6 24. Qxa6 Re7 25. Rac1 Bh6 26. Qa4 Qb6 27. Nc4 Qc5 28. Ne3 Bd7 29. Qa1 Qe5 30. Nd5 Ree8 31. Rb1 Bf5 32. Qxa7 hxg3 33. hxg3 Be6 34. Nc7 Rec8 35. Nxe6 1-0


[Site "https://www.chess.com"]

[Event "Titled Tuesday Blitz April 12 Early 2022"]
[White "Mikhalsky, Vladimir"]
[Black "Stanisz, Patryk"]
[WhiteFideId "14144352"]
[BlackFideId "1123106"]
[WhiteElo "2301"]
[BlackElo "1833"]
[Result "1-0"]
[Round "06"]
[TimeControl "180+1"]
[Date "2022.04.13"]
[WhiteClock "0:00:21"]
[BlackClock "0:00:03"]

1. d4 d5 2. c4 c6 3. Nf3 Nf6 4. Nc3 e6 5. e3 Nbd7 6. Qc2 Bd6 7. b3 Qe7 8. Bd3 O-O 9. e4 dxe4 10. Nxe4 Nxe4 11. Bxe4 h6 12. Bb2 Nf6 13. Bd3 b6 14. O-O Bb7 15. Rfe1 Rfd8 16. Rac1 Ba3 17. c5 Bxb2 18. Qxb2 b5 19. Be4 a5 20. Ne5 Rdc8 21. Qe2 Rc7 22. Qf3 Rac8 23. a3 Qd8 24. Rcd1 Nxe4 25. Qxe4 Qd5 26. Qxd5 exd5 27. Nd3 Kf8 28. b4 a4 29. g4 Re8 30. Kg2 Rce7 31. Kg3 Re4 32. Ne5 Rxe1 33. Rxe1 Re7 34. Kf4 Ke8 35. Nd3 Rxe1 36. Nxe1 Ke7 37. h4 g6 38. g5 h5 39. Ke5 Bc8 40. Ng2 Bg4 41. Ne3 Bh3 42. f4 Bc8 43. f5 Bb7 44. Ng2 Bc8 45. fxg6 fxg6 46. Nf4 Bf5 47. Nxh5 Bb1 48. Nf4 Bc2 49. h5 gxh5 50. Nxh5 Bb1 51. Nf4 Bc2 52. g6 Bb1 53. g7 Kf7 54. Kd6 Kxg7 55. Kxc6 1-0


[Site "https://www.chess.com"]

[Event "Titled Tuesday Blitz April 12 Early 2022"]
[White "Mirzoev, Azer"]
[Black "Buscar, Michael"]
[WhiteFideId "13400304"]
[BlackFideId "2603616"]
[WhiteElo "2525"]
[BlackElo "2010"]
[Result "1-0"]
[Round "06"]
[TimeControl "180+1"]
[Date "2022.04.13"]
[WhiteClock "0:00:07"]
[BlackClock "0:00:01"]

1. Nf3 b6 2. b3 Bb7 3. Bb2 e6 4. e3 Nf6 5. d4 c5 6. Nbd2 cxd4 7. exd4 Be7 8. Bd3 d6 9. O-O O-O 10. Re1 a6 11. c4 Nbd7 12. a4 Qc7 13. a5 Rfe8 14. axb6 Qxb6 15. Bc3 Nf8 16. h3 Ng6 17. Qc2 Nf4 18. Bf1 Qc6 19. Ra5 Bd8 20. Ra2 Bb6 21. Rea1 e5 22. d5 Qc5 23. Nb1 a5 24. Na3 Rec8 25. Nb5 Bxd5 26. cxd5 N6xd5 27. Ng5 Nxc3 28. Qxh7+ Kf8 29. Nxc3 Qxc3 30. Qh8+ Ke7 31. Qxg7 Qxb3 32. Ne4 Nxh3+ 33. Kh2 Qd5 34. Qf6+ Ke8 35. Nxd6+ Kf8 36. gxh3 Bc7 37. Nf5 e4+ 38. Kh1 Be5 39. Qh6+ Ke8 40. Ne3 1-0


[Site "https://www.chess.com"]

[Event "Titled Tuesday Blitz April 12 Early 2022"]
[White "Mohammadian, Mohammad"]
[Black "Vianello, Enrico"]
[WhiteFideId "12566055"]
[BlackFideId "810738"]
[WhiteElo "1544"]
[BlackElo "2268"]
[Result "0-1"]
[Round "06"]
[TimeControl "180+1"]
[Date "2022.04.13"]
[WhiteClock "0:00:23"]
[BlackClock "0:00:17"]

1. e4 d6 2. d4 Nf6 3. Bd3 g6 4. h3 Bg7 5. Be3 Nbd7 6. Qd2 h6 7. Nf3 e5 8. d5 a5 9. a4 Nc5 10. Nc3 Qe7 11. O-O Nh5 12. b3 f5 13. Rfe1 Nxd3 14. Qxd3 f4 15. Bd2 g5 16. Nh2 Nf6 17. f3 h5 18. Qb5+ Kf7 19. Ne2 g4 20. fxg4 hxg4 21. Nxg4 Bxg4 22. hxg4 Nxg4 23. Bxf4 exf4 24. Nxf4 Bd4+ 25. Kf1 Rh1+ 26. Ke2 Qxe4+ 27. Kd2 Qxf4+ 28. Kd3 Rxe1 29. Rxe1 Ne5+ 30. Rxe5 Qxe5 31. Qd7+ Qe7 32. Qf5+ Bf6 33. Qh5+ Kg8 34. Qg6+ Bg7 35. Qe6+ Qxe6 36. dxe6 Re8 37. c3 Rxe6 38. b4 Rg6 39. bxa5 Rxg2 40. Kc4 Rg3 41. Kb5 Rxc3 42. a6 bxa6+ 43. Kxa6 d5 44. a5 d4 45. Kb7 d3 46. a6 d2 47. a7 Ra3 48. a8=Q+ Rxa8 49. Kxa8 d1=Q 50. Kb7 c5 51. Kc6 c4 52. Kc5 c3 53. Kc6 c2 54. Kb5 c1=Q 55. Kb4 Qc3+ 56. Kb5 Qb1+ 57. Ka6 Qca1# 0-1


[Site "https://www.chess.com"]

[Event "Titled Tuesday Blitz April 12 Early 2022"]
[White "Moroni, Luca Jr"]
[Black "Bilan, Danila"]
[WhiteFideId "865834"]
[BlackFideId "24161918"]
[WhiteElo "2573"]
[BlackElo "2164"]
[Result "1-0"]
[Round "06"]
[TimeControl "180+1"]
[Date "2022.04.13"]
[WhiteClock "0:00:38"]
[BlackClock "0:00:01"]

1. d4 d5 2. c4 c6 3. cxd5 cxd5 4. Bf4 Nf6 5. e3 Nc6 6. Nc3 a6 7. Nf3 e6 8. Bd3 Bd6 9. Bxd6 Qxd6 10. O-O O-O 11. Rc1 b5 12. a4 b4 13. Nb1 Bd7 14. Nbd2 e5 15. dxe5 Nxe5 16. Nxe5 Qxe5 17. b3 a5 18. Nf3 Qd6 19. h3 Rfc8 20. Qd2 g6 21. Qb2 Ne4 22. Bxe4 dxe4 23. Nd4 Qe5 24. Rxc8+ Rxc8 25. Rc1 Rc5 26. Qb1 Rc3 27. Ne2 Rd3 28. Nd4 Qg5 29. Kh1 Qh5 30. Kh2 Qe5+ 31. Kg1 Qg5 32. Ne2 Bxh3 33. Nf4 1-0


[Site "https://www.chess.com"]

[Event "Titled Tuesday Blitz April 12 Early 2022"]
[White "Muradov, Soltan"]
[Black "Hoang, Thi Bao Tram"]
[WhiteFideId "14002108"]
[BlackFideId "12401102"]
[WhiteElo "1854"]
[BlackElo "2125"]
[Result "0-1"]
[Round "06"]
[TimeControl "180+1"]
[Date "2022.04.13"]
[WhiteClock "0:01:44"]
[BlackClock "0:02:08"]

1. d4 d5 2. c4 c6 3. Nf3 Nf6 4. b3 Ne4 5. Qc2 Bf5 6. Nh4 Be6 7. Nd2 Nxd2 8. Bxd2 dxc4 9. e3 cxb3 10. axb3 g6 11. Qc5 Nd7 12. Qb4 Qc7 13. Bd3 Bg7 14. O-O O-O 15. Qxe7 Bf6 16. Qb4 Bxh4 17. Rfc1 Bf6 18. h3 Qb6 19. Qd6 c5 20. dxc5 Qxd6 21. cxd6 Bxa1 22. Rxa1 0-1


[Site "https://www.chess.com"]

[Event "Titled Tuesday Blitz April 12 Early 2022"]
[White "Myshakov, Fyodor"]
[Black "Bures, Vit"]
[WhiteFideId "14111284"]
[BlackFideId "309052"]
[WhiteElo "2310"]
[BlackElo "2079"]
[Result "1/2-1/2"]
[Round "06"]
[TimeControl "180+1"]
[Date "2022.04.13"]
[WhiteClock "0:00:15"]
[BlackClock "0:00:02"]

1. c4 Nf6 2. Nc3 c5 3. Nf3 e6 4. g3 b6 5. Bg2 Bb7 6. O-O Be7 7. d4 cxd4 8. Qxd4 O-O 9. b3 d6 10. Bb2 Nbd7 11. Rfd1 a6 12. Ng5 Bxg2 13. Kxg2 Qc7 14. Nce4 e5 15. Nxf6+ Nxf6 16. Qd2 Rfd8 17. e4 Qc6 18. f3 b5 19. Rac1 Rac8 20. Nh3 h6 21. Nf2 bxc4 22. Rxc4 Qb7 23. Rdc1 Rxc4 24. Rxc4 d5 25. exd5 Rxd5 26. Qe2 Qd7 27. Bxe5 Rd2 28. Qe1 Rxa2 29. Rc7 Qe6 30. Qc3 Nd5 31. Rc8+ Kh7 32. Qd3+ f5 33. f4 Nb4 34. Qc4 Nd5 35. Rc6 Ne3+ 36. Kf3 Qd7 37. Rc7 Nxc4 38. Rxd7 Nxe5+ 39. fxe5 Bc5 40. Nd3 Bb6 41. Rb7 Bd4 42. e6 Bf6 43. e7 Bxe7 44. Rxe7 Rxh2 45. Ra7 Rd2 46. Ke3 Rg2 47. Kf3 Rd2 48. Nf4 Rc2 49. Ne6 Rc3+ 50. Kf4 Rxb3 51. Nxg7 Kg6 52. Ne6 Rb4+ 53. Kf3 Rb3+ 54. Kg2 Ra3 55. Nf4+ Kg5 56. Rg7+ Kf6 57. Rg6+ Ke5 58. Re6+ Kd4 59. Rxh6 a5 60. Rf6 Ke4 61. Re6+ Kd4 62. Ne2+ Kd5 63. Nf4+ Kd4 64. Kh3 a4 65. Ra6 Ra1 66. Kh4 a3 67. Kg5 a2 68. Kxf5 Kc4 69. g4 Kb3 70. Rb6+ Ka3 71. Ra6+ Kb3 72. g5 Rf1 73. g6 a1=Q 74. Rxa1 Rxa1 75. Ne6 Rg1 76. Ng5 Rf1+ 77. Ke6 Rg1 78. Kf6 Rf1+ 79. Kg7 Rg1 80. Kh6 Rh1+ 81. Kg7 Rg1 82. Kf6 Rf1+ 83. Ke5 Rg1 84. Kf4 Rf1+ 85. Kg4 Rg1+ 86. Kf4 Rf1+ 87. Kg3 Rf6 88. g7 Rg6 89. Kg4 Rxg7 90. Kf5 Ra7 91. Ne6 Ra5+ 92. Ke4 Kc4 93. Nf4 Ra8 94. Ne6 Re8 95. Ke5 Re7 96. Kd6 Ra7 97. Ke5 Ra5+ 98. Ke4 Rh5 99. Nf4 Rh4 100. Ke5 Rh1 101. Ne6 Re1+ 102. Kd6 Re2 103. Nc7 Rd2+ 104. Kc6 Rh2 105. Ne6 Rh6 106. Kd6 Rg6 107. Ke5 Rg8 108. Kd6 Rg1 109. Ke5 Re1+ 110. Kd6 Kb5 111. Nd4+ Kc4 112. Ne6 1/2-1/2


[Site "https://www.chess.com"]

[Event "Titled Tuesday Blitz April 12 Early 2022"]
[White "Nakamura, Hikaru"]
[Black "Lorparizangeneh, Shahin"]
[WhiteFideId "2016192"]
[BlackFideId "12521604"]
[WhiteElo "2850"]
[BlackElo "2525"]
[Result "1-0"]
[Round "06"]
[TimeControl "180+1"]
[Date "2022.04.12"]
[WhiteClock "0:00:19"]
[BlackClock "0:00:11"]

1. Nf3 d5 2. b3 Nf6 3. Bb2 g6 4. e3 Bg7 5. d4 O-O 6. c4 c5 7. dxc5 Na6 8. c6 bxc6 9. Be2 Nc5 10. O-O Bg4 11. Nd4 Bxe2 12. Qxe2 Qb6 13. Rc1 e5 14. Nf3 e4 15. Ne5 Ne6 16. Nc3 Rfd8 17. cxd5 cxd5 18. Na4 Qb7 19. Rc2 d4 20. exd4 Nxd4 21. Bxd4 Rxd4 22. Rac1 Rad8 23. Nc6 h5 24. Nxd8 Rxd8 25. Nc5 Qe7 26. Rd1 Rxd1+ 27. Qxd1 e3 28. h3 exf2+ 29. Kxf2 Bh6 30. Qd4 Bg7 31. Qe3 Qd6 32. Ne4 Nxe4+ 33. Qxe4 Bd4+ 34. Ke2 Bb6 35. a4 Qg3 36. Rc8+ Kg7 37. Re8 Qf2+ 38. Kd3 Qf1+ 39. Kc2 Qf2+ 40. Kc3 Qc5+ 41. Kd3 Qd6+ 42. Ke2 Bd4 43. Rc8 Bf6 44. Rc4 Qg3 45. Qf3 Qe5+ 46. Re4 Qb2+ 47. Kf1 Bd4 48. g3 Qc1+ 49. Re1 Qc2 50. g4 Qh2 51. Re7 Bf6 52. Re2 Qd6 53. Rf2 hxg4 54. hxg4 Qe6 55. Re2 Qd6 56. Kg2 Qb6 57. Rf2 a5 58. g5 Bxg5 59. Qxf7+ Kh6 60. Qf8+ Kh5 61. Qh8+ Bh6 62. Qe5+ Bg5 63. Rf3 Qc6 64. Qh2+ Kg4 65. Qh3# 1-0


[Site "https://www.chess.com"]

[Event "Titled Tuesday Blitz April 12 Early 2022"]
[White "Narayanan.S.L"]
[Black "Tanenbaum, Zachary"]
[WhiteFideId "5058422"]
[BlackFideId "2060850"]
[WhiteElo "2494"]
[BlackElo "2168"]
[Result "1-0"]
[Round "06"]
[TimeControl "180+1"]
[Date "2022.04.12"]
[WhiteClock "0:00:07"]
[BlackClock "0:00:05"]

1. e4 e5 2. f4 exf4 3. Nf3 d6 4. d4 g5 5. Bc4 h6 6. O-O Bg7 7. c3 Ne7 8. Na3 O-O 9. h4 Ng6 10. g3 g4 11. h5 Nh8 12. Bxf4 gxf3 13. Qxf3 Be6 14. Bxe6 fxe6 15. Qg4 Nf7 16. Qxe6 Nd7 17. Rae1 Nf6 18. Qf5 Qd7 19. Qxd7 Nxd7 20. Nb5 Rfc8 21. Kg2 a6 22. Na3 Nf6 23. Rh1 Re8 24. Kf3 Rf8 25. Nc4 Rae8 26. Na5 b6 27. Nc6 Ng5+ 28. Bxg5 hxg5 29. Kg2 Nxe4 30. Re2 d5 31. Nb4 Nf6 32. Rhe1 Rxe2+ 33. Rxe2 a5 34. Nc6 Nxh5 35. Ne7+ Kh7 36. Nxd5 Rf7 37. Re6 Nf6 38. Ne3 Kg8 39. Nc4 Nd7 40. Rc6 Nf8 41. Ne3 Re7 42. Kf3 Kf7 43. Nd5 Rd7 44. Nxc7 Ng6 45. Nb5 Re7 46. Nd6+ Kg8 47. Nf5 Rf7 48. Rxg6 Rxf5+ 49. Kg4 Rf2 50. Rxb6 Bf6 51. a4 Kg7 52. Rb5 Kg6 53. b3 Rc2 54. Rc5 Rb2 55. Rxa5 Rxb3 56. Rc5 Ra3 57. a5 Ra4 58. Kf3 Be7 59. Rc6+ Kf7 60. a6 Ra3 61. Ke4 Ke8 62. g4 Kd7 63. d5 Bd6 64. c4 Bf4 65. Rb6 Be3 66. Rg6 Bf4 67. c5 Ra4+ 68. Kf5 Ra5 69. Rg7+ Kc8 70. a7 Be3 71. Rg8+ Kb7 72. a8=Q+ Rxa8 73. c6+ Ka7 74. Rxa8+ Kxa8 75. Ke6 Kb8 76. d6 Bf4 77. Kd7 Be5 78. c7+ Ka7 79. c8=Q Bd4 80. Kc6 Bb6 81. Qb7# 1-0


[Site "https://www.chess.com"]

[Event "Titled Tuesday Blitz April 12 Early 2022"]
[White "Narayanan, Srinath"]
[Black "Jobava, Baadur"]
[WhiteFideId "5018420"]
[BlackFideId "13601520"]
[WhiteElo "2472"]
[BlackElo "2617"]
[Result "0-1"]
[Round "06"]
[TimeControl "180+1"]
[Date "2022.04.12"]
[WhiteClock "0:00:40"]
[BlackClock "0:02:03"]

1. Nf3 d5 2. d4 c6 3. c4 Nf6 4. cxd5 cxd5 5. Nc3 Nc6 6. Bf4 a6 7. e3 Bg4 8. Be2 e6 9. O-O Bd6 10. Bg5 h6 11. Bh4 g5 12. Bg3 Bxg3 13. hxg3 Kf8 14. Ne5 Bxe2 15. Qxe2 Ne7 16. f4 g4 17. Nxg4 Nxg4 18. Qxg4 Nf5 19. Rae1 Rg8 20. Qh5 Qf6 21. Rf3 Nxg3 22. Qh3 Qg6 23. Kh2 Nf5 24. Rg1 h5 25. Rf2 h4 26. e4 Qg3+ 0-1


[Site "https://www.chess.com"]

[Event "Titled Tuesday Blitz April 12 Early 2022"]
[White "Nguyen Hong Nhung"]
[Black "Hoffmann, Asa"]
[WhiteFideId "12412201"]
[BlackFideId "2001470"]
[WhiteElo "1758"]
[BlackElo "2117"]
[Result "0-1"]
[Round "06"]
[TimeControl "180+1"]
[Date "2022.04.13"]
[WhiteClock "0:00:12"]
[BlackClock "0:00:09"]

1. e4 d6 2. d4 Nf6 3. Nc3 c6 4. f4 Qa5 5. Bd3 e5 6. Nf3 exd4 7. Nxd4 Qb6 8. Nf3 Be7 9. Qe2 O-O 10. Rb1 Bg4 11. Be3 Qc7 12. O-O Nbd7 13. Qf2 Bxf3 14. Qxf3 Rfe8 15. Rbd1 Bf8 16. Bf2 b5 17. Rfe1 a6 18. Ne2 c5 19. c3 c4 20. Bc2 Nc5 21. Ng3 Qc6 22. Nf5 Rac8 23. Qg3 g6 24. e5 Nce4 25. Bxe4 Nxe4 26. Rxe4 Qxe4 27. Nxd6 Bxd6 28. exd6 Rcd8 29. Re1 Qc6 30. Rxe8+ Rxe8 31. f5 Rd8 32. Bd4 Qxd6 33. Qg5 Qf8 34. Qf6 Rxd4 35. Qxd4 Qe8 36. Qf2 Qe4 37. fxg6 hxg6 38. h3 Qb1+ 39. Kh2 Qxa2 40. Qd2 Qb1 41. Qd8+ Kh7 42. Qh4+ Kg7 43. Qd4+ f6 44. Qd7+ Kh6 45. Qd6 Qf5 46. Qxa6 g5 47. Qd6 Kg6 48. Kg1 Qb1+ 49. Kh2 Qe4 50. Qd2 Kf5 51. Kg1 Ke5 52. Qf2 f5 53. Qc5+ Kf6 54. Qxb5 f4 55. Qb6+ Kf5 56. Qd4 Qxd4+ 57. cxd4 Ke4 58. Kf2 Kxd4 59. Kf3 Kd3 60. Kg4 Kc2 61. Kxg5 Kxb2 62. h4 c3 63. h5 c2 64. h6 c1=Q 65. h7 Qh1 66. Kg6 Qxg2+ 67. Kf7 Qh2 68. Kg8 f3 69. h8=Q+ Qxh8+ 70. Kxh8 f2 0-1


[Site "https://www.chess.com"]

[Event "Titled Tuesday Blitz April 12 Early 2022"]
[White "Noboa Silva, Kevin"]
[Black "Mekhitarian, Krikor Sevag"]
[WhiteFideId "3618471"]
[BlackFideId "2107660"]
[WhiteElo "2172"]
[BlackElo "2598"]
[Result "0-1"]
[Round "06"]
[TimeControl "180+1"]
[Date "2022.04.13"]
[WhiteClock "0:00:07"]
[BlackClock "0:00:07"]

1. d4 Nf6 2. c4 g6 3. Nc3 d5 4. cxd5 Nxd5 5. Bd2 Bg7 6. e4 Nb6 7. Be3 O-O 8. h3 Nc6 9. d5 Nb8 10. a4 c6 11. a5 N6d7 12. Nf3 cxd5 13. exd5 Na6 14. Bd4 Nf6 15. Bc4 Nc7 16. O-O Re8 17. Re1 Bd7 18. Qd2 Bf5 19. Rad1 a6 20. Be5 Rc8 21. b3 Rf8 22. Qd4 Nce8 23. g4 Bd7 24. Rc1 Nd6 25. Nd2 h5 26. g5 Nfe8 27. Bd3 Bxh3 28. Nce4 Nf5 29. Qb2 Rxc1 30. Rxc1 Ned6 31. Bxg7 Nxg7 32. Rc3 Bf5 33. Qc1 Bxe4 34. Nxe4 Nxe4 35. Bxe4 Ne8 36. Bg2 Nd6 37. Rc7 Kh7 38. Qc5 Kg7 39. f4 Kg8 40. Kh2 Re8 41. Kg3 Qb8 42. Qb6 Rc8 43. Rxe7 Nf5+ 44. Kf3 Nxe7 45. Qf6 Nxd5 46. Qd4 Qxf4+ 47. Qxf4 Rc3+ 48. Ke4 Nxf4 49. Kxf4 Rxb3 50. Ke5 Rb5+ 51. Kd6 Rxa5 52. Bxb7 Rxg5 53. Bxa6 Kg7 54. Bc8 h4 55. Bh3 Rg3 56. Bc8 h3 57. Ke5 h2 58. Kf4 Rg1 0-1


[Site "https://www.chess.com"]

[Event "Titled Tuesday Blitz April 12 Early 2022"]
[White "Nogerbek, Kazybek"]
[Black "Pajeken, Jakob Leon"]
[WhiteFideId "13710427"]
[BlackFideId "12942839"]
[WhiteElo "2466"]
[BlackElo "2351"]
[Result "1-0"]
[Round "06"]
[TimeControl "180+1"]
[Date "2022.04.12"]
[WhiteClock "0:01:31"]
[BlackClock "0:00:57"]

1. c4 e6 2. Nc3 d5 3. d4 a6 4. cxd5 exd5 5. Nf3 h6 6. Qb3 Nf6 7. e4 Nxe4 8. Nxe4 dxe4 9. Ne5 Be6 10. Bc4 Bxc4 11. Qxc4 Qf6 12. O-O Bd6 13. Re1 O-O 14. Rxe4 Re8 15. Bf4 Nc6 16. Rae1 Bxe5 17. Bxe5 Qg6 18. h3 h5 19. R1e3 Rad8 20. Rg3 Qxe4 21. Rxg7+ Kh8 22. Rh7+ 1-0


[Site "https://www.chess.com"]

[Event "Titled Tuesday Blitz April 12 Early 2022"]
[White "Nozdrachev, Leonid"]
[Black "Bas Mas, Jose Joaquin"]
[WhiteFideId "24113433"]
[BlackFideId "22219064"]
[WhiteElo "2242"]
[BlackElo "2212"]
[Result "0-1"]
[Round "06"]
[TimeControl "180+1"]
[Date "2022.04.13"]
[WhiteClock "0:00:02"]
[BlackClock "0:00:55"]

1. a3 e6 2. h4 d5 3. b4 a5 4. b5 a4 5. e3 Nf6 6. Bb2 Be7 7. g4 O-O 8. g5 Nfd7 9. g6 fxg6 10. h5 g5 11. h6 Bf6 12. hxg7 Bxg7 13. Qh5 Nf6 14. Bxf6 Qxf6 15. Qxh7+ Kf7 16. Be2 Rh8 17. Bh5+ Ke7 18. Qd3 Qxa1 19. c3 Rh6 20. Nf3 Nd7 21. Ke2 Qa2 22. Rg1 Nc5 23. Rxg5 Nxd3 24. Rxg7+ Kd6 25. Ng5 Rxh5 26. Nf7+ Kc5 27. Kxd3 Qxb1+ 28. Ke2 Qxb5+ 29. d3 Qb2+ 30. Kf3 Rf5+ 31. Kg4 Qxf2 32. d4+ Kb6 0-1


[Site "https://www.chess.com"]